 Dungeon Crawl Stone Soup version 0.23-a0-143-g1adec7b (webtiles) character file.

9 Amnesiac the Magician (level 2, 0/19 HPs)
             Began as a Mummy Wanderer on Sept 3, 2018.
             Slain by an ooze (4 damage)
             ... on level 1 of the Dungeon.
             The game lasted 00:00:52 (267 turns).

Amnesiac the Magician (Mummy Wanderer)               Turns: 267, Time: 00:00:53

Health: 0/19       AC:  2    Str: 16    XL:     2   Next: 6%
Magic:  1/9        EV: 11    Int: 10    God:
Gold:   4          SH:  0    Dex: 11    Spells: 13/14 levels left

rFire    x . .     SeeInvis .   e - +0 club
rCold    + . .     Gourm    .   (no shield)
rNeg     + + +     Faith    .   d - +0 robe
rPois    ∞         Spirit   .   (no helmet)
rElec    .         Reflect  .   (no cloak)
rCorr    .         Harm     .   (no gloves)
MR       .....                  (no boots)
Stlth    +.........             (no amulet)
HPRegen  0.06/turn              (no ring)
MPRegen  0.11/turn              (no ring)

@: no status effects
A: no food or potions, fire vulnerability, cold resistance 1, negative energy
resistance 3, torment resistance, unbreathing
a: no special abilities


You were on level 1 of the Dungeon.
You were not hungry.

You visited 1 branch of the dungeon, and saw 1 of its levels.

You collected 4 gold pieces.

Inventory:

Hand Weapons
 e - a +0 club (weapon)
Armour
 d - a +0 robe (worn)
Scrolls
 a - 3 scrolls of identify {!r, unknown}
 c - a scroll of teleportation {!r}


   Skills:
 - Level 6.6 Spellcasting
   Level 1.7 Hexes
 + Level 2.1 Necromancy
   Level 1.5 Evocations


You had 13 spell levels left.
You knew the following spells:

 Your Spells              Type           Power        Failure   Level  Hunger
a - Pain                  Necr           #...         8%          1    N/A

Your spell library contained the following spells:

 Spells                   Type           Power        Failure   Level  Hunger
 Animate Skeleton         Necr           N/A          8%          1    N/A
 Vampiric Draining        Necr           #.........   24%         3    N/A
 Poisonous Vapours        Pois/Air       #.....       30%         2    N/A
 Swiftness                Chrm/Air       #.......     30%         2    N/A
 Animate Dead             Necr           N/A          61%         4    N/A
 Regeneration             Chrm/Necr      Unusable     N/A         3    N/A

Dungeon Overview and Level Annotations

Branches:
Dungeon (1/15)

Altars:


Innate Abilities, Weirdness & Mutations

You do not eat or drink.
Your flesh is vulnerable to fire.
You are immune to poison.
Your flesh is cold resistant. (rC+)
You are immune to negative energy. (rN+++)
You are immune to unholy pain and torment.
You can survive without breathing.


Message History

The bat is heavily wounded.
The bat barely misses you.
You hit the bat.
The bat is severely wounded.
The bat hits you.
* * * LOW HITPOINT WARNING * * *
The bat misses you. The bat closely misses you.
You hit the bat.
The bat is severely wounded.
The bat barely misses you. The bat hits you but does no damage.
The bat closely misses you.
You closely miss the bat.
The bat is severely wounded.
The bat closely misses you.
You barely miss the bat.
The bat is moderately wounded.
The bat closely misses you.
You barely miss the bat.
The bat is moderately wounded.
The bat hits you but does no damage. The bat hits you.
* * * LOW HITPOINT WARNING * * *
The bat hits you but does no damage.
You closely miss the bat.
The bat is moderately wounded.
The bat barely misses you. x2
You miss the bat.
The bat is moderately wounded.
The bat misses you. The bat barely misses you.
You barely miss the bat.
The bat is moderately wounded.
The bat barely misses you. The bat completely misses you. The bat misses you.
You miss the bat.
The bat is moderately wounded.
The bat hits you but does no damage. The bat barely misses you.
You barely miss the bat. The bat hits you but does no damage. x2
You closely miss the bat. The bat hits you but does no damage.
You hit the bat.
You kill the bat!
The ooze hits you.
* * * LOW HITPOINT WARNING * * *
Casting: Pain (safe; 8% risk of failure)
Confirm with . or Enter, or press ? or * to list all spells.
Aiming: Pain (safe; 8% risk of failure)
Press: ? - help, Shift-Dir - straight line, f/p - dart slug
Aim: a dart slug (severely wounded, clinging, chance to defeat MR: 71%)
The ooze resists with significant effort.
The ooze barely misses you.
Casting: Pain (safe; 8% risk of failure)
Confirm with . or Enter, or press ? or * to list all spells.
Aiming: Pain (safe; 8% risk of failure)
Press: ? - help, Shift-Dir - straight line, f/p - dart slug
Aim: a dart slug (severely wounded, clinging, chance to defeat MR: 71%)
The ooze resists with significant effort.
The ooze closely misses you.
Casting: Pain (safe; 8% risk of failure)
Confirm with . or Enter, or press ? or * to list all spells.
You don't have enough magic to cast that spell.
Casting: Pain (safe; 8% risk of failure)
Confirm with . or Enter, or press ? or * to list all spells.
You don't have enough magic to cast that spell.
You hit the ooze.
The ooze is severely wounded.
The ooze hits you.
You die...

#.# #.## #..# ##.# ########
#†## ###......#### #..#
............####.#
...####......# #.#
..#######....###@#
.##.....##....##J# ### .....
###.##..###....#w# #.# ......
###.<##..##....#.# #.##......
.#####...##....#)# #.#.......
..###...###....#.#####.#.....
.......!##....##...##..#.#.#
##....###.....##.#.)....†..####
########.....###.#......#......


You could see an ooze and a dart slug.

Vanquished Creatures
  3 bats (D:1)
  A goblin (D:1)
  A hobgoblin (D:1)
  2 jackals (D:1)
  A rat (D:1)
8 creatures vanquished.

Notes
Turn   | Place    | Note
-------+----------+-------------------------------------------
     0 | D:1      | Amnesiac the Mummy Wanderer began the quest for the Orb.
     0 | D:1      | Amnesiac set off with: a scroll of teleportation {!r}, a +0
                  | robe, a +0 club
     0 | D:1      | Reached XP level 1. HP: 13/13 MP: 8/8
     2 | D:1      | Learned a level 1 spell: Pain
   239 | D:1      | Reached XP level 2. HP: 8/19 MP: 0/9
   267 | D:1      | Slain by an ooze

Vault maps used:
D:1:      dpeg_arrival_snail, minmay_misc_feat_ornament

Skill      XL: |  1 |
---------------+----+-----
Necromancy     | 2 |  2.1
Spellcasting   | |  6.6
Hexes          | |  1.7
Evocations     | |  1.5

Action                   || total
-------------------------++-------
Melee: Club              ||    22
 Cast: Pain              ||    22
Armor: Robe              ||    21
Dodge: Dodged            ||    43

Table legend:
 A = Non-vault XP
 B = Vault XP
 C = Vault XP percentage of total XP
 D = Non-vault monster count
 E = Vault monster count
 F = Vault count percentage of total count
                 A         B        C        D         E       F
            +---------+---------+-------+---------+---------+-------
      Total |      14 |       0 |   0.0 |       8 |       0 |   0.0
            +---------+---------+-------+---------+---------+-------
        D:1 |      14 |       0 |   0.0 |       8 |       0 |   0.0
            +---------+---------+-------+---------+---------+-------
